 Dungeon Crawl Stone Soup version 0.31.0-11-ge490571c62 (webtiles) character file.

Game seed: 13236284681538062468

31915 sanka the Brawler (level 13, -2/131 HPs)
             Began as a Troll Monk on Jan 26, 2024.
             Was a High Priest of the Shining One.
             Slain by an orc knight
             ... wielding a +0 great sword
              (21 damage)
             ... on level 14 of the Dungeon.
             The game lasted 00:25:06 (12027 turns).

sanka the Brawler (Troll Monk)                     Turns: 12027, Time: 00:25:07

Health: -2/131     AC:  8    Str: 22    XL:     13   Next: 28%
Magic:  15/15      EV: 10    Int: 12    God:    the Shining One [*****.]
Gold:   528        SH:  0    Dex: 16    Spells: 12/12 levels left

rFire   + .          .
                       - Unarmed
rCold   + . .        Q - +0 kite shield {rC+}
rNeg    + + .        P - +0 acid dragon scales
rPois   +            (helmet restricted)
rElec   .            l - scarf of Weirdness {shadows, rPois rC+ Slay+3}
rCorr   +            (gloves unavailable)
SInv    .            (boots unavailable)
Will    +....        D - amulet of regeneration Stlth
                     K - ring "Acwek" {Will+ rCorr Int+6}
HPRegen 2.01/turn    y - ring of fire
MPRegen 0.14/turn

%: no passive effects
@: confused, divinely shielded, ambrosia-drunk, glowing
A: large, unfitting armour, claws 3, regeneration 1, shaggy fur 1, tough skin 1
a: Renounce Religion, Divine Shield, Cleansing Flame, Summon Divine Warrior


You were on level 14 of the Dungeon.
You worshipped the Shining One.
The Shining One was extremely pleased with you.
You visited 1 branch of the dungeon, and saw 14 of its levels.

You collected 936 gold pieces.
You spent 408 gold pieces at shops.


Innate Abilities, Weirdness & Mutations

You are too large for most types of armour.
You have claws for hands.
Your natural rate of healing is unusually fast.
You are covered in fur. (AC +1)
You have tough skin. (AC +1)


   Skills:
 - Level 9.2 Fighting
 - Level 5.2 Dodging
 * Level 8.4 Shields
 - Level 15.0 Unarmed Combat
 - Level 5.0 Invocations
 - Level 7.0 Shapeshifting


You had 12 spell levels left.
You didn't know any spells.
Your spell library contained the following spells:

 Spells                   Type           Power      Damage    Failure   Level
 Freeze                   Ice            0%         1d3       63%         1
 Magic Dart               Conj           0%         1d3       63%         1
 Shock                    Conj/Air       0%         1d3       63%         1
 Ensorcelled Hibernation  Hex/Ice        0%         N/A       77%         2
 Mercury Vapours          Alch/Air       0%         N/A       77%         2
 Searing Ray              Conj           0%         2d4       77%         2
 Frozen Ramparts          Ice            0%         1d1       94%         3
 Hailstorm                Conj/Ice       0%         3d5       94%         3
 Mephitic Cloud           Conj/Alch/Air  0%         N/A       94%         3
 Summon Ice Beast         Ice/Summ       0%         N/A       94%         3
 Swiftness                Air            0%         N/A       94%         3
 Airstrike                Air            0%         2d(0-16)  100%        4
 Fulminant Prism          Conj/Alch      0%         3d5       100%        4
 Freezing Cloud           Conj/Ice/Air   0%         6-21      100%        5
 Summon Mana Viper        Hex/Summ       0%         N/A       100%        5
 Monstrous Menagerie      Summ           0%         N/A       100%        7

Inventory:

Hand Weapons
 R - the +3 sling "Jafes" {antimagic, Int+2}

   Int+2:     It affects your intelligence (+2).
Missiles
 a - a curare-tipped dart {=f}
 m - 6 throwing nets {=f}
Armour
 l - the scarf of Weirdness (worn) {shadows, rPois rC+ Slay+3}

   Slay+3:    It affects your accuracy & damage with ranged weapons and melee
   (+3).
   rC+:       It protects you from cold.
   rPois:     It protects you from poison
 w - a +0 cloak
 P - +0 acid dragon scales (worn)
 Q - a +0 kite shield of cold resistance (worn)
 S - a +0 tower shield
Magical Staves
 T - a staff of fire
Jewellery
 e - a ring of protection from cold
 q - a ring of willpower
 y - a ring of fire (right claw)
 D - an amulet of regeneration (around neck)
 K - the ring "Acwek" (left claw) {Will+ rCorr Int+6}

   [ring of intelligence]

   Int+6:     It affects your intelligence (+6).
   Will+:     It increases your willpower.
   rCorr:     It protects you from acid and corrosion.
Talismans
 k - a flux talisman
 s - a beast talisman
 u - a serpent talisman
Wands
 f - a wand of paralysis (5)
 h - a wand of iceblast (7)
 p - a wand of flame (21)
 O - a wand of quicksilver (4)
Scrolls
 c - 2 scrolls of revelation
 j - 5 scrolls of teleportation {@r4}
 v - 2 scrolls of butterflies
 x - a scroll of blinking
 z - 4 scrolls of fear
 A - 4 scrolls of fog
 B - 2 scrolls of noise {!r}
 C - 3 scrolls of enchant armour
 E - 2 scrolls of silence {!r}
 F - 2 scrolls of immolation {!r}
 L - 2 scrolls of poison {!r}
 M - a scroll of vulnerability {!r}
Potions
 b - a potion of ambrosia
 d - 4 potions of mutation {!q}
 g - 3 potions of cancellation
 i - 2 potions of might
 n - 6 potions of enlightenment
 o - 2 potions of haste {unknown}
 r - a potion of heal wounds {unknown}
 t - 2 potions of degeneration {unknown}
 G - a potion of attraction {unknown}
 H - a potion of berserk rage {unknown}
 I - 6 potions of curing {@q1}
 J - a potion of lignification {unknown}
 N - a potion of magic {unknown}
 U - 2 potions of resistance {unknown}

Dungeon Overview and Level Annotations

Branches:
Dungeon (14/15)            Temple (0/1) D:7            Lair (0/5) D:11
    Orc (0/2) D:11         Vaults (0/5) D:13

Altars:
Ashenzari
Dithmenos
Elyvilon
Gozag
Makhleb
Okawaru
Qazlal
Ru
Sif Muna
Trog
Wu Jian
Yredelemnul
The Shining One

Shops:
D:5 ?   D:6 ?   D:8 [

Annotations:
D:11 exclusion: 2 downstairs
D:13 exclusion: downstairs

▒▒.▒ ▒▒▒▒....... ▒..▒ ▒▒▒.....
▒..▒ ▒▒▒... ▒..▒ ▒▒▒▒ ▒▒▒. ▒..▒
▒▒▒..▒8....8▒▒ ▒..▒
▒▒▒..▒.▒..~.... ▒..▒
▒▒▒...▒..▒8..8~..
▒..▒▒▒▒..▒...▒.▒..~....
▒..▒▒..T▒†B.▒†.▒8....8▒▒
▒▒▒..▒.▒▒.o▒...▒.▒uuu8▒▒▒▒
▒▒▒....▒.▒▒▒▒...▒..▒†8▒▒▒▒.▒
▒.▒▒...▒▒..▒▒▒▒..▒..▒▒▒▒....
▒▒▒..▒...▒▒....▒▒▒▒..▒▒▒.▒▒▒▒▒
▒....▒...▒▒.▒▒...▒▒▒▒▒.....†..
▒▒▒▒.......▒▒.▒▒.▒...▒▒.▒▒.▒▒▒▒▒
▒▒.▒▒▒...<).▒▒......▒...▒▒▒▒▒....
▒...▒.......▒▒.▒▒.▒...▒▒▒..▒▒▒▒.▒


You could see an orc knight.


Message History

* * * LOW HITPOINT WARNING * * *
You block the orc knight's attack. The boulder beetle bites you!!
* * * LOW HITPOINT WARNING * * *
The red ugly thing attacks as it pursues you!
You block the red ugly thing's attack.
The red ugly thing engulfs you but does no damage.
Unknown command.
You mangle the red ugly thing!!
The red ugly thing is moderately wounded.
You block the red ugly thing's attack.
You scratch the red ugly thing but do no damage.
The red ugly thing is moderately wounded.
The red ugly thing engulfs you!
* * * LOW HITPOINT WARNING * * *
You are engulfed in flames!
You resist.
* * * LOW HITPOINT WARNING * * *
You mangle the red ugly thing!!
The red ugly thing is almost dead.
You block the red ugly thing's attack.
You mangle the red ugly thing!!
You kill the red ugly thing!
Unknown command.
The orc knight attacks as it pursues you!
You block the orc knight's attack.
You are confused.
You feel invigorated.
The orc knight hits you with a +0 great sword!!
You die...

Action                     |  1- 3 |  4- 6 |  7- 9 | 10-12 | 13-15 || total
---------------------------+-------+-------+-------+-------+-------++-------
  Melee: Unarmed           |    71 |   206 |   174 |   536 |    80 ||  1067
         Punch             |       |       |     2 |    32 |       ||    34
 Invoke: Purification      |       |     1 |       |       |       ||     1
         Divine Shield     |       |       |       |     2 |     2 ||     4
    Use: Scroll            |       |       |     9 |     7 |       ||    16
         Potion            |       |       |       |       |     2 ||     2
 Armour: Robe              |    44 |   111 |   112 |       |       ||   267
         Steam dragon scal |       |       |    13 |    76 |       ||    89
         Acid dragon scale |       |       |       |   331 |    37 ||   368
  Dodge: Dodged            |    27 |    93 |    86 |   198 |    11 ||   415
  Block: Kite shield       |       |       |       |    31 |    43 ||    74
         Other             |       |       |       |     1 |       ||     1
   Form: Beast             |       |       |       |     1 |       ||     1
                           |       |       |       |     1 |       ||     1

Levels and vault maps discovered:
D:1:      psy_arrival_radial01, layout_rooms, serial_aquarium,
          aquarium_bridge_island_large [aquarium_subvault_large_water,
          aquarium_subvault_balcony, aquarium_subvault_wall,
          aquarium_subvault_bridge, aquarium_subvault_bridge],
          aquarium_window_fake, aquarium_window_1, aquarium_view_2b,
          aquarium_pool_2, due_unseen_surprise
D:2:      layout_loops_corners, nicolae_titane
D:3:      layout_loops_corners, kennysheep_okawaru_gauntlet, serial_forest,
          infiniplex_forest_lined_3, infiniplex_forest_end_2,
          infiniplex_forest_end_2, infiniplex_forest_lined_corner,
          infiniplex_forest_lined_room_2, infiniplex_forest_zigzag_2,
          infiniplex_forest_lined_room_3, minmay_goblin_outpost
D:4:      layout_rooms, amcnicky_altar_gilded, tso_oasis_becter,
          general_overflow_altar, nicolae_elyvilon_peaceful_grove,
          serial_rivers, chequers_serial_rivers_micro_c,
          chequers_serial_rivers_micro_a, chequers_serial_rivers_large_a,
          chequers_serial_rivers_small_3, chequers_serial_rivers_micro_c,
          chequers_serial_rivers_small_3, kennysheep_pointless_box
D:5:      layout_loops_ring, serial_shops, shop, uniq_crazy_yiuf_cottage
D:6:      layout_rooms, bloody_makhleb, marbit_many_paths, serial_shops,
          kennysheep_mini_moat, minmay_misc_feat_pillars, uniq_pikel
D:7:      layout_loops_ring, nzn_overflow_gifts_of_might_and_magic,
          mainiacjoe_overflow_chevrons, minmay_temple_entry_statues_fountains,
          lightli_minifort
D:8:      layout_basic, serial_shops, shop_statue
D:9:      layout_loops_ring, mainiacjoe_overflow_alcove_1
D:10:     layout_basic, nicolae_wu_jian_immortal_techniques,
          mainiacjoe_overflow_small_starburst
D:11:     layout_gridville, erik_lair_island, minmay_orc_entry_temple_small,
          kennysheep_path_1, ashenzari_conservatory_becter, uniq_harold
D:12:     layout_basic
D:13:     layout_roguey, ximxim_vaults_locker_room,
          hangedman_abyss_or_decor_stabs, nicolae_elevator_lobby_plus
D:14:     minmay_the_grid_triangle_9x9_rhombus_full
          [minmay_the_grid_triangle_9x9_swiss_cheese,
          minmay_the_grid_triangle_9x9_descending_squares,
          minmay_the_grid_triangle_9x9_windchime,
          minmay_the_grid_triangle_9x9_warning,
          minmay_the_grid_triangle_9x9_from_above,
          minmay_the_grid_triangle_9x9_shrine,
          minmay_the_grid_triangle_9x9_zippers_horizontal,
          minmay_the_grid_triangle_9x9_prize_special], layout_cave_pools,
          fountainhead

Notes
Turn   | Place    | Note
-------+----------+-------------------------------------------
     0 | D:1      | sanka the Troll Monk began the quest for the Orb.
     0 | D:1      | Reached XP level 1. HP: 22/22 MP: 0/0
   100 | D:1      | Reached XP level 2. HP: 29/29 MP: 1/1
   389 | D:1      | Reached XP level 3. HP: 36/36 MP: 2/2
   701 | D:2      | Reached skill level 4 in Unarmed Combat
   955 | D:2      | Reached skill level 3 in Fighting
   959 | D:2      | Reached XP level 4. HP: 30/45 MP: 3/3
  1844 | D:3      | Reached skill level 5 in Unarmed Combat
  1884 | D:3      | Reached XP level 5. HP: 53/53 MP: 4/4
  1922 | D:3      | Found an iron altar of Okawaru.
  2697 | D:4      | Found a white marble altar of Elyvilon.
  2702 | D:4      | Became a worshipper of Elyvilon the Healer
  2702 | D:4      | Reached * piety under Elyvilon
  2702 | D:4      | Reached ** piety under Elyvilon
  2758 | D:4      | Reached XP level 6. HP: 62/62 MP: 5/5
  2764 | D:4      | Reached skill level 6 in Unarmed Combat
  2781 | D:4      | Reached skill level 4 in Fighting
  3113 | D:4      | Found a glowing golden altar of the Shining One.
  3130 | D:4      | Found a basalt altar of Yredelemnul.
  3154 | D:4      | Fell from the grace of Elyvilon
  3154 | D:4      | Became a worshipper of the Shining One
  3154 | D:4      | Reached * piety under the Shining One
  3340 | D:4      | Found an opulent altar of Gozag.
  3465 | D:5      | Entered Level 5 of the Dungeon
  3489 | D:5      | Reached XP level 7. HP: 54/71 MP: 6/6
  3532 | D:5      | Noticed a shadow
  3537 | D:5      | Killed a shadow
  3538 | D:5      | Reached skill level 7 in Unarmed Combat
  3594 | D:5      | Reached skill level 8 in Unarmed Combat
  3596 | D:5      | Reached skill level 5 in Fighting
  3621 | D:5      | Reached XP level 8. HP: 29/80 MP: 7/7
  3739 | D:5      | Found a runed translucent door.
  3740 | D:5      | Noticed Crazy Yiuf
  3836 | D:5      | Found Keul's Magic Scroll Boutique.
  4192 | D:5      | Reached skill level 9 in Unarmed Combat
  4340 | D:5      | Killed Crazy Yiuf
  4428 | D:6      | Noticed Pikel
  4429 | D:6      | Noticed a kobold demonologist
  4448 | D:6      | Killed Pikel
  4449 | D:6      | Reached skill level 6 in Fighting
  4449 | D:6      | Reached skill level 10 in Unarmed Combat
  4449 | D:6      | Reached XP level 9. HP: 92/92 MP: 8/8
  4456 | D:6      | Noticed an ice devil
  4461 | D:6      | Killed a kobold demonologist
  4462 | D:6      | Reached skill level 7 in Fighting
  4567 | D:6      | Found a sacrificial altar of Ru.
  4605 | D:6      | Reached skill level 8 in Fighting
  4614 | D:6      | Reached ** piety under the Shining One
  4672 | D:6      | Found a burning altar of Makhleb.
  4689 | D:6      | Reached skill level 1 in Shapeshifting
  4801 | D:6      | Found Qurr's Magic Scroll Shop.
  4882 | D:6      | Reached skill level 2 in Shapeshifting
  5048 | D:5      | Bought a scroll of identify for 22 gold pieces
  5048 | D:5      | Bought a scroll of fog for 44 gold pieces
  5109 | D:6      | Bought a scroll of identify for 30 gold pieces
  5109 | D:6      | Bought a scroll of identify for 30 gold pieces
  5109 | D:6      | Bought a scroll of identify for 30 gold pieces
  5170 | D:5      | Bought a scroll of poison for 44 gold pieces
  5170 | D:5      | Bought a scroll of enchant armour for 82 gold pieces
  5170 | D:5      | Bought a scroll of vulnerability for 44 gold pieces
  5229 | D:7      | Identified +0 steam dragon scales
  5230 | D:7      | Reached skill level 3 in Shapeshifting
  5355 | D:7      | Reached skill level 4 in Shapeshifting
  5368 | D:7      | Found a staircase to the Ecumenical Temple.
  5374 | D:7      | Found a bloodstained altar of Trog.
  5385 | D:7      | Reached skill level 5 in Shapeshifting
  5400 | D:7      | Found a shimmering blue altar of Sif Muna.
  5405 | D:7      | Reached XP level 10. HP: 95/104 MP: 9/9
  5558 | D:7      | Got Sif Muna's Almanac of Bad Luck
  5593 | D:7      | Found a shadowy altar of Dithmenos.
  5629 | D:7      | Reached skill level 6 in Shapeshifting
  6188 | D:8      | Found Bupapto's Antique Armour Shoppe.
  6384 | D:8      | Identified +0 acid dragon scales
  6385 | D:8      | Reached skill level 7 in Shapeshifting
  6418 | D:8      | Reached *** piety under the Shining One
  6625 | D:8      | Identified the +3 sling "Jafes" {antimagic, Int+2}
  6652 | D:8      | Paralysed by a hornet for 1 turns
  6835 | D:5      | Bought a scroll of revelation for 82 gold pieces
  7002 | D:9      | Noticed a two-headed ogre
  7031 | D:9      | Killed a two-headed ogre
  7032 | D:9      | Reached skill level 11 in Unarmed Combat
  7147 | D:9      | Reached skill level 12 in Unarmed Combat
  7282 | D:9      | Found a broken altar of Ashenzari.
  7550 | D:10     | Entered Level 10 of the Dungeon
  7575 | D:10     | Found a stormy altar of Qazlal.
  7654 | D:10     | Reached XP level 11. HP: 111/111 MP: 10/10
  7786 | D:10     | Reached skill level 13 in Unarmed Combat
  7857 | D:10     | Reached **** piety under the Shining One
  7962 | D:10     | Found an ornate altar of the Wu Jian Council.
  8548 | D:11     | Noticed Harold
  8560 | D:11     | Killed Harold
  8608 | D:11     | Found a staircase to the Orcish Mines.
  8758 | D:14     | Reached skill level 14 in Unarmed Combat
  8794 | D:13     | Identified a scroll of acquirement
  8794 | D:13     | Acquired the scarf of Weirdness {shadows, rPois rC+ Slay+3}
  8899 | D:13     | Noticed a centaur warrior
  8917 | D:13     | Killed a centaur warrior
  9007 | D:12     | Noticed a two-headed ogre
  9014 | D:12     | Killed a two-headed ogre
  9015 | D:12     | Reached skill level 15 in Unarmed Combat
  9168 | D:12     | Noticed a deep elf pyromancer
  9241 | D:11     | Reached skill level 3 in Dodging
  9343 | D:11     | Found a staircase to the Lair.
  9350 | D:11     | Noticed a white ugly thing
  9366 | D:11     | Killed a white ugly thing
  9473 | D:11     | Found a broken altar of Ashenzari.
  9552 | D:11     | Identified the ring "Acwek" {Will+ rCorr Int+6}
  9590 | D:11     | Reached ***** piety under the Shining One
  9706 | D:12     | Noticed a boulder beetle
  9708 | D:12     | Reached XP level 12. HP: 120/122 MP: 11/11
  9714 | D:12     | Reached skill level 4 in Dodging
 10135 | D:13     | Noticed a two-headed ogre
 10138 | D:13     | Noticed a tengu warrior
 10143 | D:13     | Killed a two-headed ogre
 10144 | D:13     | Reached skill level 9 in Fighting
 10152 | D:13     | Killed a tengu warrior
 10153 | D:13     | Reached skill level 5 in Dodging
 10213 | D:13     | Noticed a vault guard
 10213 | D:13     | Noticed a vault guard
 10213 | D:13     | Noticed a vault guard
 10214 | D:13     | Noticed a vault guard
 10236 | D:12     | Killed a vault guard
 10237 | D:12     | Reached skill level 1 in Shields
 10237 | D:12     | Reached skill level 1 in Invocations
 10244 | D:12     | Killed a vault guard
 10245 | D:12     | Reached skill level 2 in Shields
 10245 | D:12     | Reached skill level 2 in Invocations
 10409 | D:13     | Killed a vault guard
 10447 | D:13     | Killed a vault guard
 10486 | D:13     | Identified the +0 long sword of Midnight {drain, rN++
                  | Str+3}
 10550 | D:13     | Noticed a vault guard
 10551 | D:13     | Reached skill level 3 in Shields
 10551 | D:13     | Reached skill level 3 in Invocations
 10556 | D:13     | Killed a vault guard
 10630 | D:13     | Reached skill level 4 in Shields
 10724 | D:13     | Noticed a two-headed ogre
 10731 | D:13     | Killed a two-headed ogre
 10769 | D:13     | Reached skill level 4 in Invocations
 10951 | D:13     | Reached skill level 5 in Shields
 11100 | D:13     | Killed a vault guard
 11184 | D:13     | Noticed a vault guard
 11198 | D:13     | Killed a vault guard
 11237 | D:13     | Found a gate to the Vaults.
 11365 | D:14     | Noticed a centaur warrior
 11369 | D:14     | Reached skill level 6 in Shields
 11371 | D:14     | Killed a centaur warrior
 11441 | D:14     | Noticed a death knight
 11453 | D:14     | Killed a death knight
 11454 | D:14     | Reached skill level 5 in Invocations
 11454 | D:14     | Reached XP level 13. HP: 43/131 MP: 15/15
 11614 | D:14     | Reached skill level 7 in Shields
 11988 | D:14     | Reached skill level 8 in Shields
 12018 | D:14     | HP: 9/131 [boulder beetle (20)]
 12023 | D:14     | HP: 9/131 [red ugly thing (11)]
 12027 | D:14     | Slain by an orc knight

Vanquished Creatures
  5 vault guards
  Harold (D:11)
  2 centaur warriors
  A death knight (D:14)
  A tengu warrior (D:13)
  4 two-headed ogres
  A skeletal warrior (D:13)
  Pikel (D:6)
  A deep elf pyromancer (D:14)
  4 manticores
  8 ugly things
  4 cyclopes
  3 gargoyles
  2 kobold demonologists
  6 trolls
  A polar bear (shapeshifter) (D:14)
  2 hornets
  A raiju (shapeshifter) (D:14)
  13 slime creatures (D:13)
  3 wyverns
  3 wraiths
  2 shadows
  11 yaks
  4 humans (D:13)
  4 vampire mosquitoes (D:13)
  A steam dragon (D:7)
  2 acid dragons
  3 water moccasins
  An ice beast (D:7)
  2 sky beasts
  A sky beast (shapeshifter) (D:14)
  A black bear (D:7)
  4 ogres
  5 orc warriors
  2 wolves (D:11)
  4 boggarts (D:12)
  9 centaurs
  A lemure (D:6)
  2 phantoms (D:5)
  3 kobold brigands
  4 gnoll sergeants
  2 bullfrogs
  2 scorpions
  15 wights
  7 howler monkeys
  2 electric eels
  7 hounds
  Crazy Yiuf (D:5)
  A bombardier beetle (D:4)
  2 gnoll boudas
  4 orc priests
  2 jellies
  2 iguanas (D:6)
  4 sleepcaps
  14 orc wizards
  29 gnolls
  8 adders
  A shadow imp (D:7)
  3 white imps
  2 ufetubi (D:5)
  A dart slug (D:5)
  49 orcs
  10 bats
  7 endoplasms
  2 giant cockroaches
  13 goblins
  13 hobgoblins
  9 jackals
  25 kobolds
  3 quokkas
  7 ball pythons
  3 frilled lizards
  8 rats
391 creatures vanquished.

Vanquished Creatures (others)
  2 vault guards (D:13)
  A human (D:13)
3 creatures vanquished.

Grand Total: 394 creatures vanquished
